 Dungeon Crawl Stone Soup version 0.28.0-53-g5a82cb258f (webtiles) character file.

Game seed: 17640750419048895763

0 purpskrrrp the Chucker (level 1, 13/13 HPs)
             Began as a Demonspawn Wanderer on June 23, 2022.
             Got out of the dungeon alive.
             The game lasted 00:01:13 (31 turns).

purpskrrrp the Chucker (Demonspawn Wanderer)          Turns: 31, Time: 00:01:13

Health: 13/13      AC:  2    Str: 10    XL:     1   Next: 8%
Magic:  3/3        EV: 11    Int: 15    God:
Gold:   10         SH:  0    Dex: 12    Spells: 3/4 levels left

rFire   . . .      SeeInvis .   a - +0 dagger
rCold   . . .      Faith    .   (no shield)
rNeg    . . .      Spirit   .   c - +0 robe
rPois   .          Reflect  .   (no helmet)
rElec   .          Harm     .   (no cloak)
rCorr   .          Rampage  .   (no gloves)
Will    .....                   (no boots)
Stlth   +.........              (no amulet)
HPRegen 0.04/turn               (no ring)
MPRegen 0.08/turn               (no ring)

@: no status effects
A: no striking features
a: no special abilities


You escaped.
You visited 1 branch of the dungeon, and saw 1 of its levels.

You collected 10 gold pieces.

Inventory:

Hand Weapons
 a - a +0 dagger (weapon)
Missiles
 b - 11 poisoned darts (quivered)
Armour
 c - a +0 robe (worn)


   Skills:
 + Level 2.7 Throwing
 + Level 1.0 Dodging
 + Level 2.0 Spellcasting
 + Level 2.0 Conjurations
 + Level 2.1 Necromancy


You had 3 spell levels left.
You knew the following spells:

 Your Spells              Type           Power      Damage    Failure   Level
a - Animate Skeleton      Necr           16%        N/A       9%          1

Your spell library contained the following spells:

 Spells                   Type           Power      Damage    Failure   Level
 Searing Ray              Conj           14%        2d5       14%         2
 Sublimation of Blood     Necr           8%         N/A       14%         2
 Static Discharge         Conj/Air       4%         N/A       22%         2
 Dispel Undead            Necr           8%         3d8       65%         4


Dungeon Overview and Level Annotations

Branches:
Dungeon (1/15)

Altars:


Message History

Welcome, purpskrrrp the Demonspawn Wanderer.
Everyone else who sought the Orb of Zot has failed.
Will you be different?
Press ? for a list of commands and other information.
Found a staircase leading out of the dungeon.
You begin with the following items: a +0 dagger, 13 poisoned darts, a +0 robe; and the following spell memorised: Animate Skeleton; and the following spells available to memorise: Searing Ray, Sublimation of Blood, Static Discharge, Dispel Undead.
Sorry, you're not good enough to have a special ability.
You aren't carrying any potions.
Found 23 arrows.
A frilled lizard comes into view.
The frilled lizard moves out of view.
A frilled lizard is nearby!
Throw: 13 darts (poison)
Press: ? - help, Q - select action, (/) - cycle Shift-Dir - straight line, f - frilled lizard
Aim: a frilled lizard (38% to hit)
You throw a poisoned dart.
The poisoned dart hits the frilled lizard.
The frilled lizard is poisoned.
Throw: 12 darts (poison)
Press: ? - help, Q - select action, (/) - cycle Shift-Dir - straight line, f/p - frilled lizard
Aim: a frilled lizard (heavily wounded, poisoned, 38% to hit)
You throw a poisoned dart.
The poisoned dart hits the frilled lizard.
The frilled lizard looks even sicker.
The frilled lizard is heavily wounded.
You kill the frilled lizard!
You now have 10 gold pieces.
There is a staircase leading out of the dungeon here.
Are you sure you want to leave the Dungeon?
This will make you lose the game!
You have escaped!

.. #...#..........##
...#..#..#...#......##
.#.. ..#..#..#....#.##
..#..#.#.#..#.......#
...#.#.#.#.#...#......#
..#.#.#.#..##....##..#
. #.#...#.##.....## #.#
....#.....#......... #
#...@...######.#.#
....#.....#.... ....#
..##.#...#.##... ....#
..#.#.#.#.. #.. ...
...#.#.#.#.#... .
..#..#. . ..#.. . .. ..
. ..#. ... .. .. ...


There were no monsters in sight!

Vanquished Creatures
  A frilled lizard (D:1)
1 creature vanquished.

Notes
Turn   | Place    | Note
-------+----------+-------------------------------------------
     0 | D:1      | purpskrrrp the Demonspawn Wanderer began the quest for the
                  | Orb.
     0 | D:1      | purpskrrrp set off with the following items: a +0 dagger,
                  | 13 poisoned darts, a +0 robe; and the following spell
                  | memorised: Animate Skeleton; and the following spells
                  | available to memorise: Searing Ray, Sublimation of Blood,
                  | Static Discharge, Dispel Undead
     0 | D:1      | Reached XP level 1. HP: 13/13 MP: 3/3
    31 | D:$      | Got out of the dungeon alive.

Illustrated notes

Levels and vault maps discovered:
D:1:      minmay_arrival_radiant_lines, layout_rooms,
          hellmonk_ecumenical_altar_crossroads

Action                   || total
-------------------------++-------
Throw: Dart              ||     2
